 Dungeon Crawl Stone Soup version 0.29.1-13-g9f3cf754e1 (webtiles) character file.

Game seed: 1585275307949322087

137 shadowmeld the Insei (level 5, 0/38 HPs)
             Began as a Djinni Transmuter on Feb 1, 2023.
             Slain by an iguana (12 damage)
             ... on level 3 of the Dungeon.
             The game lasted 00:09:33 (2545 turns).

shadowmeld the Insei (Djinni Transmuter)            Turns: 2545, Time: 00:09:34

Health: 0/38       AC:  3    Str:  9    XL:     5   Next: 43%
Gold:   164        EV: 13    Int: 17    God:
                   SH:  0    Dex: 13

rFire   + + .      SeeInvis .     - Unarmed
rCold   x . .      Faith    .   (no shield)
rNeg    . . .      Spirit   .   a - +0 robe
rPois   ∞          Reflect  .   l - +0 helmet
rElec   .          Harm     .   (no cloak)
rCorr   .          Rampage  .   (no gloves)
Will    .....                   (boots unavailable)
Stlth   +.........              (no amulet)
HPRegen 0.12/turn               (no ring)
MPRegen 0.00/turn               (no ring)

@: brilliant, flying
A: sickness immunity, fire resistance 2, cold vulnerability 1, float, innate
caster, HP casting, extra vitality 1
a: no special abilities


You were on level 3 of the Dungeon.
You visited 1 branch of the dungeon, and saw 3 of its levels.

You collected 164 gold pieces.

Inventory:

Armour
 a - a +0 robe (worn)
 l - a +0 helmet (worn)
Scrolls
 b - a scroll of immolation {unknown}
 d - a scroll of identify {unknown}
 f - 4 scrolls of teleportation {unknown}
 h - a scroll of amnesia {unknown}
 m - a scroll of acquirement {unknown}
 o - a scroll of poison {unknown}
Potions
 c - a potion of curing {unknown}
 e - a potion of flight {unknown}
 g - 2 potions of brilliance
 i - a potion of attraction {unknown}
 j - a potion of might {unknown}
 k - a potion of haste {unknown}
 n - a potion of heal wounds {unknown}


   Skills:
 * Level 1.9 Fighting
 * Level 3.2 Dodging
 + Level 3.7 Unarmed Combat
 * Level 2.8 Spellcasting


You couldn't memorise any spells.
You knew the following spells:

 Your Spells              Type           Power      Damage    Failure   Level
a - Beastly Appendage     Tmut           36%        N/A       5%          1
b - Wereblood             Tmut           18%        N/A       9%          2
c - Spider Form           Tmut/Pois      18%        N/A       17%         3
d - Ice Form              Ice/Tmut       18%        N/A       50%         4
e - Sandblast             Erth           36%        2d10      5%          1
f - Ensorcelled Hibernat  Hex/Ice        36%        N/A       9%          2
Your spell library was empty.

Dungeon Overview and Level Annotations

Branches:
Dungeon (3/15)

Altars:

Shops:
D:1 [*(!!


Innate Abilities, Weirdness & Mutations

You are immune to sickness and miasma.
You are immune to poison.
Your flesh is very heat resistant. (rF++)
You are vulnerable to cold. (rC-)
You float through the air rather than walking.
You learn spells naturally, not from books.
Your magical power is your life essence.
You have superior vitality. (+4 MHP)


Message History

Aiming: Sandblast (safe; 5% risk of failure)
Press: ? - help, Shift-Dir - straight line, f/p - iguana
Aim: an iguana (84% to hit)
The blast of sand hits the iguana but does no damage.
Casting: Sandblast (safe; 5% risk of failure)
Confirm with . or Enter, or press ? or * to list all spells.
Aiming: Sandblast (safe; 5% risk of failure)
Press: ? - help, Shift-Dir - straight line, f/p - iguana
Aim: an iguana (84% to hit)
The blast of sand hits the iguana.
The iguana is lightly wounded.
The iguana bites you. The iguana closely misses you.
Casting: Sandblast (safe; 5% risk of failure)
Confirm with . or Enter, or press ? or * to list all spells.
Aiming: Sandblast (safe; 5% risk of failure)
Press: ? - help, Shift-Dir - straight line, f/p - iguana
Aim: an iguana (lightly wounded, 84% to hit)
The blast of sand hits the iguana.
The iguana is moderately wounded.
The iguana closely misses you.
Casting: Sandblast (safe; 5% risk of failure)
Confirm with . or Enter, or press ? or * to list all spells.
Aiming: Sandblast (safe; 5% risk of failure)
Press: ? - help, Shift-Dir - straight line, f/p - iguana
Aim: an iguana (moderately wounded, 84% to hit)
The blast of sand hits the iguana.
The iguana is heavily wounded.
The iguana barely misses you. The iguana bites you.
Casting: Sandblast (safe; 5% risk of failure)
Confirm with . or Enter, or press ? or * to list all spells.
Aiming: Sandblast (safe; 5% risk of failure)
Press: ? - help, Shift-Dir - straight line, f/p - iguana
Aim: an iguana (heavily wounded, 84% to hit)
The blast of sand hits the iguana but does no damage.
The iguana is heavily wounded.
The iguana bites you!
It was a potion of brilliance.
You feel clever all of a sudden. The iguana bites you!
You die...

.##.#.# ###..#.#.#
#..#.#.#.#
....#.#.#
#.#.....##
##.#.#)...# ###
#....#..#
...#+###+#.......#
.............##@.#
...........####l.#
.......<...# #..#
...........# #..#
...........# ##.#
...........# #.#
..........## #.#
...#.....## #..
##########


You could see an iguana.

Vanquished Creatures
  A phantom (D:2)
  2 adders (D:2)
  A worm (D:3)
  A dart slug (D:2)
  5 bats
  An endoplasm (D:2)
  4 giant cockroaches (D:1)
  4 hobgoblins
  5 quokkas
  6 ball pythons
  2 frilled lizards
  5 goblins
  2 kobolds
  2 rats
41 creatures vanquished.

Notes
Turn   | Place    | Note
-------+----------+-------------------------------------------
     0 | D:1      | shadowmeld the Djinni Transmuter began the quest for the
                  | Orb.
     0 | D:1      | shadowmeld set off with the following spells memorised:
                  | Beastly Appendage, Wereblood, Spider Form, Ice Form.
     0 | D:1      | Reached XP level 1. HP: 17/17 MP: 0/0
   565 | D:1      | Found Zuxt's Distillery.
   656 | D:1      | Found Juebub's Distillery.
   751 | D:1      | Reached XP level 2. HP: 21/22 MP: 0/0
  1010 | D:1      | Found Laosot's Assorted Antiques.
  1446 | D:1      | Reached XP level 3. HP: 26/27 MP: 0/0
  1446 | D:1      | Learned a level 1 spell: Sandblast
  1479 | D:1      | Found Fugucs's Armour Shoppe.
  1523 | D:1      | Found Nunamaqa's Weapon Emporium.
  1855 | D:2      | Noticed a phantom
  1866 | D:2      | Killed a phantom
  1867 | D:2      | Reached XP level 4. HP: 32/33 MP: 0/0
  1867 | D:2      | Reached XP level 5. HP: 37/38 MP: 0/0
  1867 | D:2      | Learned a level 2 spell: Ensorcelled Hibernation
  2545 | D:3      | Slain by an iguana

Illustrated notes

Levels and vault maps discovered:
D:1:      dpeg_arrival_central, layout_loops_corners, serial_shops, shop_coins,
          shop, shop, nicolae_shop_overgrown_old_shop, nicolae_square_shop
D:2:      layout_rooms
D:3:      layout_rooms, mainiacjoe_overflow_six_doors_small,
          mainiacjoe_overflow_small_starburst

Skill      XL: |  1  2  3 |
---------------+----------+-----
Spellcasting   | 2 |  2.8
Dodging        | 3 |  3.2
Fighting       | |  1.9
Unarmed Combat | |  3.7

Action                   |  1- 3 |  4- 6 || total
-------------------------+-------+-------++-------
Melee: Unarmed           |    72 |     9 ||    81
       Headbutt          |     8 |       ||     8
       Punch             |     1 |       ||     1
 Cast: Beastly Appendage |    17 |       ||    17
       Sandblast         |    11 |    25 ||    36
  Use: Potion            |     1 |     1 ||     2
Armor: Robe              |    20 |       ||    20
       Skin              |     2 |     4 ||     6
Dodge: Dodged            |    58 |    10 ||    68
